 Dungeon Crawl Stone Soup version 0.30-a0-125-g51eefa89be (webtiles) character file.

Game seed: 2157177344679672905

2038 quinnr the Destroyer (level 9, 0/48 HPs)
             Began as a Tengu Conjurer on Sept 18, 2022.
             Killed from afar by a gargoyle (25 damage)
             ... with a stone arrow
             ... in a bailey.
             The game lasted 00:16:18 (9587 turns).

quinnr the Destroyer (Tengu Conjurer)               Turns: 9587, Time: 00:16:18

Health: 0/48       AC:  5    Str:  7    XL:     9   Next: 24%
Magic:  4/16       EV: 13    Int: 22    God:
Gold:   356        SH:  5    Dex: 14    Spells: 9/16 levels left

rFire   . . .      SeeInvis .    p - staff of conjuration {!a}
rCold   . . .      Faith    .    n - +0 buckler
rNeg    . . .      Spirit   .    D - +1 leather armour {rPois}
rPois   +          Reflect  .    (helmet restricted)
rElec   .          Harm     .    y - +0 cloak
rCorr   .          Rampage  .    (no gloves)
Will    .....                    (boots unavailable)
Stlth   ++........               (no amulet)
HPRegen 0.16/turn                (no ring)
MPRegen 0.15/turn                (no ring)

@: flying quickly and evasively, very slightly contaminated, quick
A: beak, talons 3, nimble flight
a: no special abilities


You were in a bailey.
You visited 1 branch of the dungeon, and saw 7 of its levels.
You also visited: Bailey.

You collected 356 gold pieces.


Innate Abilities, Weirdness & Mutations

You have a beak for a mouth.
You have claws for feet.
Your magical nature lets you fly swiftly and evasively.


   Skills:
 - Level 2.0 Fighting
 - Level 3.0 Armour
 - Level 2.4 Dodging
 - Level 2.2 Stealth
 - Level 4.0 Shields
 + Level 4.2 Spellcasting
 - Level 12.2 Conjurations
 + Level 2.4 Translocations
 - Level 2.0 Evocations


You had 9 spell levels left.
You knew the following spells:

 Your Spells              Type           Power      Damage    Failure   Level
m - Magic Dart            Conj           100%       1d8       1%          1
s - Searing Ray           Conj           100%       2d8       1%          2
X - Iskenderun's Mystic   Conj/Tloc      53%        2d11      11%         4

Your spell library contained the following spells:

 Spells                   Type           Power      Damage    Failure   Level
 Dazzling Flash           Conj/Hex       94%        N/A       4%          3
 Fulminant Prism          Conj/Hex       23%        3d13      17%         4
 Animate Dead             Necr           4%         N/A       91%         4
 Haunt                    Necr/Summ      2%         N/A       100%        7
 Infestation              Necr           2%         N/A       100%        8

Inventory:

Hand Weapons
 g - a +1 dagger of flaming
 r - the +7 mace of Unreason {vamp, rElec rF+ Int-5 Dex+8}
   (You took it off an orc on level 3 of the Dungeon)

   It occasionally heals its wielder for a portion of the damage dealt when it
   wounds a living foe.
   Int:       It affects your intelligence (-5).
   Dex:       It affects your dexterity (+8).
   rF:        It protects you from fire.
   rElec:     It insulates you from electricity.
 u - the +7 whip of Karma {freeze, rElec rN+ Str-3 Dex+2}
   (You found it on level 4 of the Dungeon)

   It freezes those it strikes, dealing additional cold damage.
   It can also slow down cold-blooded creatures.
   Str:       It affects your strength (-3).
   Dex:       It affects your dexterity (+2).
   rElec:     It insulates you from electricity.
   rN:        It protects you from negative energy.
 w - the +5 sling of Ru's Righteous Fury {vorpal, Fragile rElec Int+3 SInv}
   (You found it on level 4 of the Dungeon)

   Any ammunition fired from it inflicts extra damage upon your enemies.
   Int:       It affects your intelligence (+3).
   rElec:     It insulates you from electricity.
   SInv:      It lets you see invisible.
   Fragile:   It will be destroyed if unequipped.
Missiles
 e - 3 javelins
Armour
 a - a +0 robe
 b - the +0 robe of Temperance {Rampage rF+++ rC- Dex-2}
   (You found it on level 6 of the Dungeon)

   Dex:       It affects your dexterity (-2).
   rF:        It renders you almost immune to fire.
   rC:        It makes you vulnerable to cold.
   Rampage:   It bestows one free step when moving towards enemies.
 n - a +0 buckler (worn)
 x - an orb of mayhem
 y - a +0 cloak (worn)
 D - a +1 leather armour of poison resistance (worn)
Magical Staves
 p - a staff of conjuration (weapon) {!a}
Jewellery
 F - a ring of protection from fire
 N - a ring of positive energy
Wands
 s - a wand of paralysis (22)
 z - a wand of digging (8)
Scrolls
 d - 4 scrolls of immolation {unknown}
 f - 3 scrolls of teleportation {unknown}
 k - a scroll of noise {unknown}
 t - a scroll of vulnerability {unknown}
 A - 2 scrolls of fear {unknown}
 B - 2 scrolls of torment {unknown}
Potions
 c - a potion of berserk rage {unknown}
 h - 2 potions of curing {@q1}
 i - a potion of resistance {unknown}
 j - a potion of mutation
 m - 4 potions of might
 o - a potion of ambrosia
 v - a potion of degeneration
 E - a potion of flight {unknown}

Dungeon Overview and Level Annotations

Branches:
Dungeon (7/15)             Temple (0/1) D:5          Bailey (1/1)

Altars:
Elyvilon
Hepliaklqana
Nemelex Xobeh
Okawaru
Xom

Annotations:
D:6 MisterAzrael's ghost, novice FoFi

▒▒▒ ..▒ ▒▒▒. ▒..▒
..▒+▒▒..... ▒..+
.......♣ ▒..+
....♣♣♣.♣ ▒..▒
)....♣.......▒..▒▒
.........♣...▒...▒▒
..♣.........▒▒....▒▒▒
........♣..▒▒.).@..8▒
...♣....).▒▒..)▒▒...▒
♣♣♣........▒..).▒▒..▒
.....♣.....▒▒....▒.9▒
............▒▒...▒..▒
.♣...▒▒▒▒▒▒......▒..▒
.....▒ ▒......▒..▒
.....▒ ▒.....8▒8.▒
.....▒ ▒++▒▒▒▒▒▒▒▒


You could see a gargoyle.


Message History

Confirm with . or Enter, or press ? or * to list all spells.
The spell is quite dangerous to miscast (11% risk of failure)!
Continue anyway?
You feel a surge of power!
You miscast Iskenderun's Mystic Blast.
You are very lightly contaminated with residual magic.
Nothing appears to happen.
The gargoyle hurls a stone arrow at you.
The stone arrow hits you!!
Unknown command.
Casting: Iskenderun's Mystic Blast (quite dangerous; 11% risk of failure)
Confirm with . or Enter, or press ? or * to list all spells.
The spell is quite dangerous to miscast (11% risk of failure)!
Continue anyway?
You feel a surge of power!
You erupt in a blast of force!
The mystic blast hits the gargoyle!
The gargoyle is heavily damaged.
The gargoyle is knocked back by the mystic blast.
The gargoyle slams into the stone wall!
The gargoyle is severely damaged.
Unknown command.
Casting: Iskenderun's Mystic Blast (quite dangerous; 11% risk of failure)
Confirm with . or Enter, or press ? or * to list all spells.
Okay, then.
Aiming: Paralyse
Press: ? - help, Shift-Dir - straight line, f/p - gargoyle
Aim: a gargoyle, wielding a +0 flail (severely damaged, chance to affect: 37%)
Okay, then.
Unknown command.
The gargoyle hurls a stone arrow at you.
The stone arrow hits you!!
Ouch! That really hurt!
You die...

Skill      XL: |  1  2  3  4  5  6  7  8  9 |
---------------+----------------------------+-----
Conjurations   | 6 7 8 9 12 | 12.2
Spellcasting   | 3 4 |  4.2
Shields        | 1 2 3 4 |  4.0
Evocations     | 1 2 |  2.0
Fighting       | 1 2 |  2.0
Translocations | 1 2 |  2.4
Armour         | 1 3 |  3.0
Dodging        | |  2.4
Stealth        | |  2.2

Action                   |  1- 3 |  4- 6 |  7- 9 || total
-------------------------+-------+-------+-------++-------
Melee: Staff             |       |       |     2 ||     2
       Kick              |       |       |     2 ||     2
       Peck              |       |       |     1 ||     1
 Cast: Magic Dart        |    57 |   119 |   121 ||   297
       Searing Ray       |       |    15 |    32 ||    47
       Iskenderun's Myst |       |       |     5 ||     5
Evoke: Wand              |       |       |     2 ||     2
  Use: Scroll            |       |       |     9 ||     9
       Potion            |       |       |     3 ||     3
 Stab: Paralysed         |       |       |     2 ||     2
Armor: Robe              |       |     2 |     8 ||    10
       Leather armour    |       |       |     5 ||     5
Dodge: Dodged            |     5 |     6 |    37 ||    48
Block: Buckler           |       |       |     8 ||     8

Levels and vault maps discovered:
D:1:      psy_arrival_conway, layout_basic,
          shapermc_ecumenical_altar_mp_urbaneastern, serial_glass,
          glass_columns_a, glass_columns_a, glass_columns_a, glass_columns_b
D:2:      kennysheep_six_static_rooms, layout_basic, serial_glass,
          glass_columns_c, glass_columns_a, eino_tiny_chamber
D:3:      layout_basic, regret_index_temple_of_mockery,
          kennysheep_generic_room_14, uniq_robin, uniq_crazy_yiuf_cottage
D:4:      layout_cave_pods, mainiacjoe_overflow_catwalk, serial_glass,
          glass_columns_a, glass_columns_c, glass_columns_a, glass_columns_b,
          glass_columns_b, glass_columns_a, minmay_pentangle
D:5:      layout_loops_ring, nemelex_diamond_rough_becter,
          minmay_temple_entry_statues_fountains, gammafunk_ghost_grave
D:6:      layout_rooms, mainiacjoe_overflow_surrounded_room,
          gammafunk_ghost_hive, grunt_ministairs_14
D:7:      layout_rooms, mainiacjoe_overflow_swirl, enter_bailey_8,
          minmay_misc_feat_tower
Bailey:   bailey_polearm_vampire_castle_hellmonk, bailey

Notes
Turn   | Place    | Note
-------+----------+-------------------------------------------
     0 | D:1      | quinnr the Tengu Conjurer began the quest for the Orb.
     0 | D:1      | Reached XP level 1. HP: 10/10 MP: 4/4
   548 | D:1      | Reached XP level 2. HP: 15/15 MP: 3/6
   795 | D:1      | Found a faded altar of an unknown god.
   930 | D:1      | Reached XP level 3. HP: 19/19 MP: 3/7
  1235 | D:1      | Reached skill level 6 in Conjurations
  1545 | D:2      | Reached XP level 4. HP: 17/24 MP: 5/9
  1548 | D:2      | Learned a level 2 spell: Searing Ray
  1634 | D:2      | Reached skill level 3 in Spellcasting
  2654 | D:3      | Reached skill level 1 in Shields
  2654 | D:3      | Gained mutation: Your magical nature lets you fly swiftly
                  | and evasively. [Tengu growth]
  2654 | D:3      | Reached XP level 5. HP: 28/28 MP: 5/10
  2761 | D:3      | Reached skill level 7 in Conjurations
  2880 | D:3      | Identified the +7 mace of Unreason {vamp, rElec rF+ Int-5
                  | Dex+8}
  3034 | D:3      | Reached skill level 2 in Shields
  3091 | D:3      | Noticed Robin
  3475 | D:3      | Found a hazy altar of Hepliaklqana.
  3476 | D:3      | Found a shimmering altar of Xom.
  3477 | D:3      | Noticed a spectral ugly thing
  3571 | D:3      | Killed Robin
  3865 | D:3      | Found a runed translucent door.
  3866 | D:3      | Noticed Crazy Yiuf
  4421 | D:4      | Reached XP level 6. HP: 32/32 MP: 8/11
  4426 | D:4      | Identified the +7 whip of Karma {freeze, rElec rN+ Str-3
                  | Dex+2}
  4479 | D:4      | Found a white marble altar of Elyvilon.
  4638 | D:4      | Reached skill level 1 in Evocations
  4823 | D:4      | Reached skill level 1 in Fighting
  5160 | D:4      | Reached skill level 3 in Shields
  5160 | D:4      | Reached skill level 8 in Conjurations
  5160 | D:4      | Reached XP level 7. HP: 28/39 MP: 4/12
  5331 | D:4      | Learned a level 4 spell: Iskenderun's Mystic Blast
  5352 | D:4      | Identified the +5 sling of Ru's Righteous Fury {vorpal,
                  | Fragile rElec Int+3 SInv}
  5546 | D:5      | Entered Level 5 of the Dungeon
  5561 | D:5      | Reached skill level 2 in Evocations
  5905 | D:3      | Killed Crazy Yiuf
  5906 | D:3      | Reached skill level 2 in Fighting
  6488 | D:5      | Found a staircase to the Ecumenical Temple.
  6680 | D:5      | Reached skill level 4 in Shields
  6680 | D:5      | Reached skill level 9 in Conjurations
  6932 | D:5      | Reached XP level 8. HP: 44/44 MP: 5/13
  7017 | D:5      | Found a sparkling altar of Nemelex Xobeh.
  7051 | D:5      | Reached skill level 10 in Conjurations
  7315 | D:5      | Found a runed translucent door.
  7315 | D:5      | Noticed pigah's ghost (novice OpAE)
  7359 | D:5      | Killed pigah's ghost
  7360 | D:5      | Reached skill level 11 in Conjurations
  7363 | D:5      | HP: 4/44 [poisoned by pigah's ghost]
  7367 | D:5      | HP: 1/44 [poisoned by pigah's ghost]
  7748 | D:5      | Reached skill level 12 in Conjurations
  7935 | D:6      | Identified the +0 robe of Temperance {Rampage rF+++ rC-
                  | Dex-2}
  7953 | D:6      | Noticed a queen bee
  7959 | D:6      | Noticed MisterAzrael's ghost (novice FoFi)
  7962 | D:6      | Found a transporter.
  7965 | D:6      | Found a transporter.
  8114 | D:6      | Reached skill level 1 in Translocations
  8198 | D:6      | Reached skill level 1 in Armour
  8302 | D:6      | Reached XP level 9. HP: 43/48 MP: 5/15
  8421 | D:6      | Found an iron altar of Okawaru.
  8494 | D:6      | Reached skill level 2 in Armour
  8496 | D:6      | Reached skill level 2 in Translocations
  8729 | D:6      | Reached skill level 4 in Spellcasting
  9113 | D:7      | Found a flagged portal.
  9122 | Bailey   | Entered a bailey
  9539 | Bailey   | Reached skill level 3 in Armour
  9580 | Bailey   | Noticed a gargoyle
  9587 | Bailey   | Killed from afar by a gargoyle

Vanquished Creatures
  The ghost of pigah the Gusty, a novice OpAE (D:5)
  2 water moccasins (D:5)
  An ice beast (D:5)
  A sky beast (D:6)
  An ogre (D:5)
  A phantom (D:6)
  2 scorpions
  2 bullfrogs
  A necrophage (D:6)
  A killer bee (D:6)
  A wolf zombie (Bailey)
  A howler monkey (D:6)
  Crazy Yiuf (D:3)
  5 hounds
  3 jellies
  An orc priest (D:3)
  An iguana (D:4)
  3 orc wizards
  Robin (D:3)
  8 adders
  5 gnolls
  A white imp (D:6)
  2 ufetubi (D:5)
  A worm (D:3)
  5 dart slugs
  21 orcs
  8 endoplasms
  A giant cockroach (D:4)
  17 goblins
  8 hobgoblins
  4 jackals (D:3)
  4 quokkas
  5 ball pythons
  4 bats
  7 frilled lizards
  10 kobolds
  11 orc zombies (Bailey)
  8 rats
160 creatures vanquished.

Vanquished Creatures (others)
  A fungus (D:1)
  3 plants (D:1)
4 creatures vanquished.

Grand Total: 164 creatures vanquished

Table legend: (Time is in decaauts)
 A = Elapsed time spent in this place.
 B = Non-inter-level travel time spent in this place.
 C = Inter-level travel time spent in this place.
 D = Time resting spent in this place.
 E = Time spent auto-exploring this place.
 F = Levels seen in this place.
 G = Mean time per level.
                   A        B        C        D        E       F      G
               +--------+--------+--------+--------+--------+-----+--------+
         Total |   9265 |   8873 |    392 |    774 |   6916 |   8 | 1158.1 |
       Dungeon |   8811 |   8419 |    392 |    709 |   6613 |   7 | 1258.7 |
        Bailey |    454 |    454 |      0 |     65 |    302 |   1 |  454.0 |
               +--------+--------+--------+--------+--------+-----+--------+

Top non-repeatable levels by time:
     D:3: 1795 daAuts
     D:5: 1705 daAuts
     D:1: 1377 daAuts
     D:4: 1367 daAuts
     D:2: 1324 daAuts
     D:6: 1207 daAuts
  Bailey: 454 daAuts
     D:7: 35 daAuts

Table legend:
 A = Non-vault XP
 B = Vault XP
 C = Vault XP percentage of total XP
 D = Non-vault monster count
 E = Vault monster count
 F = Vault count percentage of total count
                 A         B        C        D         E       F
            +---------+---------+-------+---------+---------+-------
      Total |    1833 |    1079 |  37.1 |     118 |      42 |  26.2
            +---------+---------+-------+---------+---------+-------
        D:1 |      55 |       0 |   0.0 |      23 |       0 |   0.0
        D:2 |      46 |      33 |  41.8 |      20 |       6 |  23.1
        D:3 |     147 |      76 |  34.1 |      24 |      13 |  35.1
        D:4 |     145 |     182 |  55.7 |      15 |       7 |  31.8
        D:5 |     713 |     631 |  46.9 |      23 |       2 |   8.0
        D:6 |     634 |      66 |   9.4 |      12 |       2 |  14.3
        D:7 |      93 |       0 |   0.0 |       1 |       0 |   0.0
     Bailey |       0 |      91 | 100.0 |       0 |      12 | 100.0
            +---------+---------+-------+---------+---------+-------
